 Dungeon Crawl Stone Soup version 0.22.0-49-gab54619 (webtiles) character file.

9320 Kagorn the Fighter (level 11, -3/108 HPs)
             Began as a Gargoyle Berserker on Sept 6, 2018.
             Was a High Priest of Trog.
             Slain by an elephant (11 damage)
             ... on level 2 of the Lair of Beasts.
             The game lasted 01:05:48 (10202 turns).

Kagorn the Fighter (Gargoyle Berserker)            Turns: 10202, Time: 01:05:49

Health: -3/108     AC: 17    Str: 31    XL:     11   Next: 44%
Magic:  11/11      EV: 20    Int:  9    God:    Trog [*****.]
Gold:   63         SH:  0    Dex: 10    Spells: 10/10 levels left

rFire    + . .     SeeInvis .   J - +6 mace of the Shrike {crush, rPois rC+ Str+4}
rCold    + . .     Gourm    .   (no shield)
rNeg     + + .     Faith    .   w - +1 leather armour {rN+}
rPois    ∞         Spirit   .   (no helmet)
rElec    +         Reflect  .   k - +1 cloak
rCorr    .         Harm     .   r - +0 pair of gloves
MR       ++...                  (no boots)
Stlth    ..........             (no amulet)
HPRegen  1.28/turn              u - +6 ring of evasion
MPRegen  0.12/turn              s - ring of protection from fire

@: berserking (expiring), regenerating, very quick
A: negative energy resistance 1, electricity resistance, unbreathing,
petrification resistance, rot immunity, AC +8
a: Berserk, Trog's Hand, Brothers in Arms, Renounce Religion


You were on level 2 of the Lair of Beasts.
You worshipped Trog.
Trog was extremely pleased with you.
You were hungry.

You visited 3 branches of the dungeon, and saw 13 of its levels.

You collected 735 gold pieces.
You spent 672 gold pieces at shops.

Inventory:

Hand Weapons
 o - a +2 long sword of draining
 y - a +0 glaive
 J - the +6 mace of the Shrike (weapon) {crush, rPois rC+ Str+4}
   (You bought it in a shop on level 10 of the Dungeon)

   It inflicts extra damage upon your enemies.
   It affects your strength (+4).
   It protects you from cold.
   It protects you from poison.
 N - a +1 halberd of distortion
 O - a +2 long sword of holy wrath
 P - a cursed -1 dagger
 S - a +1 vampiric whip
Missiles
 a - 12 tomahawks of returning (quivered)
 d - 261 stones
Armour
 j - a +0 plate armour
 k - a +1 cloak (worn)
 r - a +0 pair of gloves (worn)
 w - a +1 leather armour of positive energy (worn)
 x - a +1 ring mail of positive energy
 B - a +1 chain mail of fire resistance
 C - a +0 ring mail of fire resistance
 F - a +0 pair of gloves
 T - a cursed -2 leather armour
Jewellery
 h - an uncursed ring of positive energy
 s - a ring of protection from fire (right hand)
 t - an uncursed ring of fire
 u - a +6 ring of evasion (left hand)
 I - an uncursed amulet of regeneration {unknown}
Wands
 i - a wand of polymorph (39)
 v - a wand of flame (91)
 Q - a wand of clouds (3)
 V - a wand of scattershot (6)
Scrolls
 e - 4 scrolls of magic mapping
 g - 5 scrolls of identify
 l - 4 scrolls of remove curse
 q - 2 scrolls of fog
 G - 2 scrolls of enchant armour
 M - 2 scrolls of amnesia {unknown}
 R - a scroll of vulnerability {unknown}
Potions
 b - a potion of magic {unknown}
 f - a potion of ambrosia {unknown}
 m - a potion of heal wounds {unknown}
 n - a potion of lignification
 p - 2 potions of might
 z - a potion of berserk rage {unknown}
 A - a potion of invisibility {unknown}
 D - a potion of agility {unknown}
 E - a potion of mutation {unknown}
 H - 2 potions of haste {unknown}
 K - a potion of resistance {unknown}
 L - 2 potions of brilliance {unknown}
 U - a potion of curing
Comestibles
 c - 12 rations


   Skills:
 * Level 10.2 Fighting
 - Level 6.3 Long Blades
 * Level 6.2 Maces & Flails
 * Level 9.9 Armour
 + Level 5.3 Dodging
 + Level 7.2 Stealth


You had 10 spell levels left.
You didn't know any spells.
Your spell library contained the following spells:

 Spells                   Type           Power        Failure   Level  Hunger
 Animate Skeleton         Necr           N/A          41%         1    ##.....
 Apportation              Tloc           #.....       41%         1    ##.....
 Magic Dart               Conj           #...         41%         1    ##.....
 Pain                     Necr           #...         41%         1    ##.....
 Summon Butterflies       Summ           #.......     41%         1    ##.....
 Blink                    Tloc           N/A          54%         2    ###....
 Call Imp                 Summ           #.......     54%         2    ###....
 Slow                     Hex            #.......     54%         2    ###....
 Conjure Flame            Conj/Fire      #.......     78%         3    ####...
 Lesser Beckoning         Tloc           #.........   78%         3    ####...
 Mephitic Cloud           Conj/Pois/Air  #.......     78%         3    ####...
 Regeneration             Chrm/Necr      #.........   78%         3    ####...
 Tukima's Dance           Hex            #.......     78%         3    ####...
 Vampiric Draining        Necr           #.........   78%         3    ####...
 Animate Dead             Necr           N/A          99%         4    #####..
 Alistair's Intoxication  Tmut/Pois      #.......     100%        5    ######.
 Invisibility             Hex            #.......     100%        6    #######


Dungeon Overview and Level Annotations

Branches:
Dungeon (10/15)            Temple (1/1) D:4            Lair (2/6) D:10
  Swamp: Lair:2-4    Shoals: Lair:2-4     Snake: Lair:2-4    Spider: Lair:2-4
    Orc: D:9-12

Altars:
Ashenzari
Cheibriados
Dithmenos
Elyvilon
Fedhas
Gozag
Hepliaklqana
Kikubaaqudgha
Makhleb
Nemelex Xobeh
Okawaru
Qazlal
Ru
Sif Muna
Trog
Uskayaw
Vehumet
Wu Jian
Xom
Yredelemnul
Zin
The Shining One

Shops:
D:8 (   D:10 (


Innate Abilities, Weirdness & Mutations

You are resistant to torment.
Your stone body is resilient. (AC +8)
You are immune to poison.
You resist negative energy. (rN+)
You are resistant to electric shocks. (rElec)
You can survive without breathing.
You are immune to petrification.
You are immune to rotting.


Message History

The black mamba is severely wounded.
The black mamba misses you. x2; The elephant closely misses you.
The elephant misses you. The black mamba barely misses you.
You closely miss the black mamba.
The black mamba is severely wounded.
The black mamba closely misses you. The black mamba barely misses you.
You bludgeon the black mamba!!
You kill the black mamba!
Trog accepts your kill.
The elephant tramples you but does no damage.
The elephant completely misses you. The black mamba closely misses you.
The black mamba completely misses you. The elephant tramples you.
* * * LOW HITPOINT WARNING * * *
You stumble backwards!
You bludgeon the elephant!!
The elephant is heavily wounded.
You sock the elephant!
The elephant is severely wounded.
The black mamba misses you. The elephant tramples you!
You die...

#####+ ##....
........#.(.#
##.....F.....###
#...# ≈..#.P.#.#.
#(.# #../.PP....
#.@# #.$#.....
#SY###......
#..≈##..#.#
##........##
#.#.....#..###
#...#....#..^.###
#%..####P###.....###
#=)# #####...#...##
#P## #...<.....P


You could see an elephant and a black mamba.

Vanquished Creatures
  Pikel (D:8)
  A black mamba (Lair:2)
  2 spiny frogs
  Psyche (D:8)
  2 centaur skeletons (D:10)
  3 hippogriffs
  7 yaks
  A human (D:7)
  Grum (Lair:1)
  3 hogs (D:7)
  Menkaure (D:5)
  A basilisk (Lair:2)
  2 wargs (D:10)
  2 water moccasins
  2 porcupines (Lair:1)
  5 orc warriors
  A slave (D:8)
  A black bear (D:10)
  3 ice beasts
  A necrophage (D:5)
  4 ogres
  2 wolves (Lair:1)
  2 centaurs (D:5)
  A crocodile (Lair:1)
  A big kobold (D:10)
  9 bullfrogs
  A wyvern skeleton (D:6)
  6 scorpions
  4 killer bees (D:10)
  A howler monkey (D:5)
  3 crimson imps
  2 bullfrog zombies
  A quasit (D:7)
  6 hounds
  2 jellies
  6 orc priests
  4 iguanas
  6 orc wizards
  3 worker ants
  A hound skeleton (D:7)
  A hound zombie (D:6)
  8 gnolls
  7 adders
  3 shadow imps
  2 oozes
  3 adder skeletons
  A worm (D:2)
  3 dart slugs
  5 leopard geckos
  26 orcs
  4 ball pythons
  9 bats
  3 giant cockroaches
  9 goblins
  8 hobgoblins
  5 jackals (D:3)
  16 kobolds
  3 quokkas
  4 frilled lizards
  A quokka skeleton (D:4)
  7 rats
  2 plants (D:10)
236 creatures vanquished.

Vanquished Creatures (others)
  A yak (D:10)
  An orc warrior (D:10)
  A centaur (D:10)
  An ogre (D:10)
  A killer bee (D:10)
  A howler monkey (D:10)
  A jelly (D:10)
  2 orc wizards (D:10)
  4 orcs (D:10)
  A fungus (Lair:1)
14 creatures vanquished.

Grand Total: 250 creatures vanquished

Notes
Turn   | Place    | Note
-------+----------+-------------------------------------------
     0 | D:1      | Kagorn the Gargoyle Berserker began the quest for the Orb.
     0 | D:1      | Reached XP level 1. HP: 14/14 MP: 1/1
   247 | D:1      | Reached XP level 2. HP: 17/19 MP: 2/2
   759 | D:1      | Reached XP level 3. HP: 24/24 MP: 3/3
   784 | D:1      | Reached ** piety under Trog
  1144 | D:2      | Reached skill level 1 in Stealth
  1525 | D:2      | Reached XP level 4. HP: 29/29 MP: 4/4
  1752 | D:3      | Reached skill level 4 in Fighting
  2470 | D:4      | Reached XP level 5. HP: 33/33 MP: 5/5
  2495 | D:4      | Found a staircase to the Ecumenical Temple.
  2504 | Temple   | Entered the Ecumenical Temple
  2949 | D:4      | Reached skill level 1 in Long Blades
  3019 | D:4      | Noticed an ogre
  3032 | D:4      | Killed an ogre
  3032 | D:4      | Reached XP level 6. HP: 8/39 MP: 6/6
  3301 | D:4      | Found a stormy altar of Qazlal.
  3511 | D:5      | Entered Level 5 of the Dungeon
  3561 | D:5      | Reached *** piety under Trog
  3576 | D:5      | Reached skill level 5 in Fighting
  3576 | D:5      | Reached XP level 7. HP: 14/44 MP: 7/7
  4011 | D:5      | Noticed Menkaure
  4027 | D:5      | Killed Menkaure
  4299 | D:5      | Reached skill level 5 in Armour
  5004 | D:6      | Reached XP level 8. HP: 48/51 MP: 8/8
  5013 | D:6      | Reached skill level 6 in Fighting
  5933 | D:7      | Reached **** piety under Trog
  6198 | D:7      | Reached XP level 9. HP: 46/56 MP: 9/9
  6202 | D:7      | Reached skill level 7 in Fighting
  6422 | D:7      | Reached skill level 5 in Long Blades
  6439 | D:7      | Reached skill level 5 in Stealth
  6551 | D:7      | Reached skill level 8 in Fighting
  6898 | D:8      | Found Murch's Weapon Shop.
  7017 | D:8      | Noticed Psyche
  7029 | D:8      | Killed Psyche
  7029 | D:8      | Reached XP level 10. HP: 64/64 MP: 10/10
  7104 | D:8      | Noticed Pikel
  7114 | D:8      | Killed Pikel
  7217 | D:8      | Found a burning altar of Makhleb.
  7222 | D:8      | Found a basalt altar of Yredelemnul.
  7223 | D:8      | Found a hide-covered altar of Uskayaw.
  7223 | D:8      | Found a deep blue altar of Sif Muna.
  7228 | D:8      | Found a glowing silver altar of Zin.
  7229 | D:8      | Found a white marble altar of Elyvilon.
  7230 | D:8      | Found a radiant altar of Vehumet.
  7409 | D:9      | Found a shattered altar of Ashenzari.
  7641 | D:9      | Found a sparkling altar of Nemelex Xobeh.
  7949 | D:10     | Entered Level 10 of the Dungeon
  7949 | D:10     | Found a shimmering altar of Xom.
  7980 | D:10     | Found Wievvuje's Weapon Emporium.
  7989 | D:10     | Bought the +6 mace of the Shrike {crush, rPois rC+ Str+4}
                  | for 672 gold pieces
  8229 | D:10     | Reached ***** piety under Trog
  8255 | D:10     | Reached skill level 9 in Fighting
  8295 | D:10     | Found a staircase to the Lair.
  8904 | D:10     | Reached skill level 5 in Maces & Flails
  9070 | Lair:1   | Entered Level 1 of the Lair of Beasts
  9121 | Lair:1   | Reached skill level 5 in Dodging
  9359 | Lair:1   | Noticed Grum
  9364 | Lair:1   | Reached XP level 11. HP: 71/71 MP: 11/11
  9384 | Lair:1   | Killed Grum
  9542 | Lair:1   | Reached skill level 10 in Fighting
 10188 | Lair:2   | HP: 2/108 [basilisk (9)]
 10202 | Lair:2   | Slain by an elephant

Skill      XL: |  1  2  3  4  5  6  7  8  9 10 11 |
---------------+----------------------------------+-----
Stealth        | 1 2 3 4 5 6 7 |  7.2
Fighting       | 4 5 6 8 9 10 | 10.2
Armour         | 3 4 5 6 7 9 |  9.9
Dodging        | 2 3 4 5 |  5.3
Long Blades    | 1 2 3 4 5 6 |  6.3
Maces & Flails | 5 6 |  6.2

Action                   |  1- 3 |  4- 6 |  7- 9 | 10-12 || total
-------------------------+-------+-------+-------+-------++-------
Melee: Mace              |   127 |    25 |       |   229 ||   381
       Long sword        |       |    89 |   294 |    64 ||   447
Invok: Berserk           |       |       |     3 |     2 ||     5
       Trog's Hand       |       |       |     1 |     2 ||     3
  Use: Scroll            |     3 |     7 |     6 |     1 ||    17
       Potion            |     1 |       |     3 |     2 ||     6
 Stab: Sleeping          |     1 |       |     1 |     5 ||     7
       Distracted        |       |       |       |     1 ||     1
  Eat: Ration            |     1 |     1 |     3 |     2 ||     7
       Chunk             |       |     1 |     7 |     4 ||    12
Armor: Animal skin       |    30 |       |       |       ||    30
       Plate armour      |    99 |   122 |   205 |       ||   426
       Leather armour    |       |       |    12 |   131 ||   143
Dodge: Dodged            |    63 |    41 |   227 |   404 ||   735
       Rpst.: Long sword |       |    12 |    61 |    26 ||    99
